Map: Dusty Gorge

Players

DKnight

  • Race: Protoss Protoss
  • Spawn Location: 3:00

Sean

  • Race: Terran Terran
  • Spawn Location: 5:00

Adversity - Winner!

  • Race: Terran Terran
  • Spawn Location: 11:00

llllllllllll - Winner!

  • Race: Zerg Zerg
  • League: Diamond
  • Spawn Location: 9:00

VOD

Have the link to the VOD?

Description

Time

  • Played on: July 12, 2018, 6:38 p.m.
  • Length: 4:51
Show
View Real Time Build Order
Export as new Build Order

DKnight Protoss 

Build Orders: 1 Gate Expand 

Get SALT Encoding   

  12  0:01  Probe  
  13  0:13  Probe  
  14  0:21  Pylon  
  14  0:25  Probe  
  15  0:35  Probe  
  16  0:43  Probe  
  16  0:44  Gateway  
  17  0:51  Assimilator  
  17  0:53  Probe  
  18  1:05  Probe  
  19  1:23  Probe  
  20  1:33  Nexus  
  20  1:35  Probe  
  20  1:51  Cybernetics Core  
  20  1:52  Assimilator  
  20  2:03  Pylon  
  20  2:04  Probe  
  21  2:17  Probe  
  21  2:18  Adept  
  21  2:29  Probe  
  24  2:37  Twilight Council  
  24  2:41  Probe  
  25  2:46  Warp Gate  
  25  2:53  Probe  
  25  2:54  Probe  
  27  3:03  Gateway, Adept  
  27  3:05  Probe  
  28  3:06  Shield Battery  
  28  3:11  Resonating Glaives  
  30  3:23  Probe x2  
  32  3:34  Gateway  
  32  3:43  Gateway  
  32  3:48  Adept  
  29  4:05  Pylon  
  29  4:10  Pylon  
  29  4:17  Adept  
  29  4:21  Stargate  
  31  4:34  Shield Battery  
Show
View Real Time Build Order
Export as new Build Order

Sean Terran 

Build Orders:  

Get SALT Encoding   

  12  0:01  SCV  
  13  0:14  SCV  
  13  0:20  Supply Depot  
  14  0:26  SCV  
  15  0:42  Barracks, SCV  
  16  0:47  Refinery  
  16  0:54  SCV  
  17  1:02  Barracks  
  17  1:06  SCV  
  18  1:22  Barracks, SCV  
  19  1:31  Supply Depot  
  19  1:39  Reaper, SCV  
  21  1:46  Refinery  
  21  1:52  SCV  
  22  2:01  Reaper  
  23  2:05  SCV  
  24  2:12  Reaper  
  25  2:18  Orbital Command  
  25  2:24  Reaper  
  26  2:33  Reaper  
  27  2:44  Reaper  
  27  2:50  SCV  
  29  2:56  Reaper  
  29  3:03  SCV  
  29  3:05  Reaper  
  31  3:18  Reaper  
  31  3:23  SCV  
  29  3:28  Reaper  
  28  3:35  SCV  
  29  3:47  Barracks Tech Lab, SCV  
  29  3:53  Reaper  
  29  3:59  SCV  
  27  4:11  SCV  
  22  4:23  SCV  
  7  4:30  Barracks Tech Lab  
  4  4:36  SCV  
Show
View Real Time Build Order
Export as new Build Order

Adversity Terran - Winner!

Build Orders:  

Get SALT Encoding   

  12  0:00  SCV  
  13  0:12  SCV  
  14  0:19  Supply Depot  
  14  0:25  SCV  
  15  0:35  Refinery  
  15  0:41  SCV  
  16  0:46  Barracks  
  16  0:53  SCV  
  17  1:05  SCV  
  18  1:14  Barracks  
  18  1:20  Barracks  
  18  1:21  Barracks  
  18  1:22  Barracks x2  
  18  1:29  Refinery  
  18  1:39  Reaper  
  19  1:40  Orbital Command  
  19  2:01  Supply Depot  
  19  2:07  Reaper x2  
  21  2:12  Reaper x2  
  23  2:22  Reaper x2, SCV  
  26  2:26  Supply Depot  
  26  2:35  SCV  
  27  2:39  Reaper  
  27  2:43  Reaper  
  27  2:44  Reaper  
  30  2:49  Reaper  
  32  2:58  Reaper  
  32  2:59  Reaper  
  32  3:03  Supply Depot  
  32  3:04  Barracks  
  32  3:05  Barracks  
  33  3:06  Barracks  
  33  3:11  SCV  
  34  3:17  Reaper  
  36  3:20  Reaper x2  
  36  3:21  Reaper  
  37  3:36  Reaper x2  
  37  3:39  Command Center  
  37  3:41  Engineering Bay  
  39  3:46  SCV  
  40  3:49  Reaper  
  40  3:52  Reaper x2  
  40  3:53  Supply Depot  
  40  3:55  Reaper x2  
  45  4:00  Reaper  
  45  4:01  Reaper  
  46  4:08  Reaper  
  45  4:12  Reaper  
  45  4:14  SCV  
  48  4:29  Supply Depot  
  51  4:32  Barracks x2  
  51  4:35  Barracks  
Show
View Real Time Build Order
Export as new Build Order

llllllllllll Zerg - Winner!

Build Orders: Pool First 

Get SALT Encoding   

  12  0:43  Drone x2  
  14  0:50  Spawning Pool  
  13  1:09  Hatchery  
  12  1:16  Overlord  
  12  1:18  Extractor  
  13  1:22  Extractor  
  13  1:23  Drone x2  
  14  1:35  Drone  
  15  1:43  Drone  
  16  1:49  Drone  
  17  2:16  Drone x2  
  19  2:24  Drone  
  20  2:31  Drone  
  21  2:43  Drone  
Tags
 
Add a new tag
Caveats
  • Supply blocks, unpowered buildings, or Contaminate may cause inaccurate times.
  • Supply counts are checked every 10 seconds.